 Dungeon Crawl Stone Soup version 0.28.0-53-g5a82cb258f (webtiles) character file.

Game seed: 3750471161228236056

62 Arcadio the Gusty (level 4, 0/24 HPs)
             Began as a Tengu Air Elementalist on Aug 21, 2022.
             Killed from afar by Sigmund (11 damage)
             ... with a puff of flame
             ... on level 2 of the Dungeon.
             The game lasted 00:04:58 (2182 turns).

Arcadio the Gusty (Tengu Air Elementalist)          Turns: 2182, Time: 00:04:59

Health: 0/24       AC:  2    Str:  8    XL:     4   Next: 8%
Magic:  9/9        EV: 13    Int: 17    God:
Gold:   128        SH:  0    Dex: 15    Spells: 5/8 levels left

rFire   . . .      SeeInvis .   c - +0 dagger
rCold   . . .      Faith    .   (no shield)
rNeg    . . .      Spirit   .   a - +0 robe
rPois   .          Reflect  .   (helmet restricted)
rElec   .          Harm     .   (no cloak)
rCorr   .          Rampage  .   (no gloves)
Will    .....                   (boots unavailable)
Stlth   ++........              (no amulet)
HPRegen 0.08/turn               (no ring)
MPRegen 0.11/turn               (no ring)

@: studying Unarmed Combat
A: beak, talons 3
a: no special abilities


You were on level 2 of the Dungeon.
You visited 1 branch of the dungeon, and saw 2 of its levels.

You collected 128 gold pieces.

Inventory:

Hand Weapons
 c - a +0 dagger (weapon)
Armour
 a - a +0 robe (worn)
Magical Staves
 b - a staff of earth
Scrolls
 g - a scroll of amnesia {unknown}
 h - a scroll of magic mapping {unknown}
 i - a scroll of noise {unknown}
 k - a scroll of holy word {unknown}
Potions
 d - a potion of attraction
 e - a potion of lignification
 f - a potion of berserk rage {unknown}
 j - a potion of heal wounds {unknown}


   Skills:
 + Level 3.2 Dodging
 - Level 2.0 Stealth
 + Level 0.0 Unarmed Combat
 + Level 2.7 Spellcasting
 - Level 1.3 Conjurations
 + Level 4.9 Air Magic


You had 5 spell levels left.
You knew the following spells:

 Your Spells              Type           Power      Damage    Failure   Level
a - Shock                 Conj/Air       52%        1d6       4%          1
b - Static Discharge      Conj/Air       13%        N/A       8%          2

Your spell library contained the following spells:

 Spells                   Type           Power      Damage    Failure   Level
 Swiftness                Air            19%        N/A       7%          3
 Airstrike                Air            9%         N/A       22%         4


Dungeon Overview and Level Annotations

Branches:
Dungeon (2/15)

Altars:

Annotations:
D:2 Sigmund


Innate Abilities, Weirdness & Mutations

You have a beak for a mouth.
You have claws for feet.


Message History

You kill the frilled lizard!
You are struck by an arc of lightning.
The lightning grounds out.
Your magical contamination has completely faded away.
Found a robe.
g - a scroll labelled OLEUGO BEUPECKOK
j - a bubbling black potion
k - a scroll labelled POCSOH NYAW
l - a scroll of identify
As you read the scroll of identify, it crumbles to dust.
e - a potion of lignification You now have 117 gold pieces (gained 17).
Found a stone staircase leading down.
You pick up a manual of Unarmed Combat and begin studying.
Found a stone staircase leading up.
You are already wielding that!
You are now empty-handed.
There is a stone staircase leading up here.
Found a stone staircase leading up.
There is a stone staircase leading up here.
Found a stone staircase leading down.
There is a stone staircase leading down here.
You now have 128 gold pieces (gained 11).
Sigmund the Dreaded comes into view.
He is wielding a +0 scythe.
Really attack while wielding nothing? [Y]es or [N]o only, please.
Really attack while wielding nothing?
Okay, then.
c - a +0 dagger (weapon)
The helpless Sigmund fails to defend himself.
You hit Sigmund. Your kick misses Sigmund.
Sigmund is lightly wounded.
Sigmund hits you with a +0 scythe.
You closely miss Sigmund. Your kick misses Sigmund.
Sigmund is lightly wounded.
Sigmund hits you with a +0 scythe!
Sigmund points at you and mumbles some strange words.
You resist with some effort. Sigmund casts a spell at you.
The puff of flame hits you!
You die...

#.#.. #.#.# #.#.#
#############....
......)<.......#
####.#########.##.
##########.........#
#.##.
............>.####.#
#.##. ##########@####
#.# #.##. #...# #.#
#.##. #...# #.# #....
####...#### #.# ####.
#......@..# #.# #.
...........# #.# #.
##.........# #.# #.
####...######.#######.
#...# #.<........


You could see Sigmund.

Vanquished Creatures
  A gnoll (D:1)
  2 adders (D:2)
  2 endoplasms (D:1)
  4 goblins
  4 hobgoblins
  3 jackals (D:1)
  5 kobolds
  5 ball pythons
  A bat (D:1)
  2 frilled lizards
  2 rats (D:1)
31 creatures vanquished.

Notes
Turn   | Place    | Note
-------+----------+-------------------------------------------
     0 | D:1      | Arcadio the Tengu Air Elementalist began the quest for the
                  | Orb.
     0 | D:1      | Reached XP level 1. HP: 10/10 MP: 4/4
   573 | D:1      | Found a faded altar of an unknown god.
   619 | D:1      | Reached XP level 2. HP: 15/15 MP: 1/6
   914 | D:1      | Learned a level 2 spell: Static Discharge
   919 | D:1      | Reached XP level 3. HP: 19/19 MP: 5/7
  1879 | D:2      | Reached XP level 4. HP: 21/24 MP: 4/9
  2172 | D:2      | Noticed Sigmund
  2182 | D:2      | Killed from afar by Sigmund

Illustrated notes

Levels and vault maps discovered:
D:1:      scummos_arrival_gate, layout_loops_ring,
          hellmonk_ecumenical_altar_heavens_door
D:2:      layout_loops_ring, uniq_sigmund

Skill      XL: |  1  2  3 |
---------------+----------+-----
Dodging        | 3 |  3.2
Stealth        | |  2.0
Spellcasting   | |  2.7
Conjurations   | |  1.3
Air Magic      | |  4.9

Action                   |  1- 3 |  4- 6 || total
-------------------------+-------+-------++-------
Melee: Dagger            |    11 |     2 ||    13
       Kick              |     4 |       ||     4
       Peck              |     1 |       ||     1
 Cast: Shock             |    59 |     2 ||    61
       Static Discharge  |     1 |     1 ||     2
  Use: Scroll            |     1 |     1 ||     2
 Stab: Sleeping          |       |     1 ||     1
Armor: Robe              |     6 |       ||     6
Dodge: Dodged            |    14 |       ||    14
